 Dungeon Crawl Stone Soup version 0.23.2-40-g277498a001 (webtiles) character file.

Game seed: 17098029471779811883

14307 Cryoshakespeare the Ogre Mage (level 12, -14/113 HPs)
             Began as an Ogre Wizard on Sept 23, 2019.
             Was an Initiate of Gozag.
             Demolished by an ice devil (20 damage)
             ... on level 2 of the Lair of Beasts.
             The game lasted 01:37:01 (21727 turns).

Cryoshakespeare the Ogre Mage (Ogre Wizard)        Turns: 21727, Time: 01:37:03

Health: -14/113    AC:  4    Str: 19    XL:     12   Next: 15%
Magic:  3/24       EV: 15    Int: 23    God:    Gozag
Gold:   289        SH: 13    Dex: 12    Spells: 5/27 levels left

rFire    x . .     SeeInvis .   B - +0 broad axe
rCold    . . .     Gourm    .   E - +3 shield
rNeg     + + .     Faith    .   r - +0 robe
rPois    .         Spirit   .   l - +0 hat
rElec    +         Reflect  .   N - +0 cloak
rCorr    .         Harm     .   (gloves unavailable)
MR       +....                  (boots unavailable)
Stlth    +++.......             p - amulet of the acrobat
HPRegen  0.28/turn              A - ring of ice
MPRegen  0.19/turn              L - ring of Bioxiotz {Wiz rElec rC- rN++}

@: mighty, agile
A: large, unfitting armour, tough skin 1
a: Potion Petition, Call Merchant, Bribe Branch, Renounce Religion


You were on level 2 of the Lair of Beasts.
You worshipped Gozag.
Gozag was aware of your devotion.
You were not hungry.

You visited 3 branches of the dungeon, and saw 14 of its levels.

You collected 2223 gold pieces.
You spent 1540 gold pieces at shops.
You paid 394 gold pieces to Gozag.

Inventory:

Hand Weapons
 b - a +0 hunting sling
 B - a +0 broad axe (weapon)
 C - a +0 trident
 K - a +0 blowgun
 T - a +2 whip of freezing
Missiles
 a - 4 large rocks (quivered)
 g - 3 curare-tipped needles
 j - 119 stones
 k - 159 arrows
 t - 53 sling bullets
 w - 47 poisoned needles
 y - 7 javelins
Armour
 l - a +0 hat (worn)
 r - a +0 robe (worn)
 E - a +3 shield (worn)
 N - a +0 cloak (worn)
Magical Staves
 v - an uncursed staff of cold
Jewellery
 i - a +5 ring of protection
 m - an uncursed ring of fire
 p - an amulet of the acrobat (around neck)
 A - a ring of ice (left hand)
 L - the ring of Bioxiotz (right hand) {Wiz rElec rC- rN++}
   (You found it on level 7 of the Dungeon)

   [ring of wizardry]

   It improves your spell success rate.
   It makes you vulnerable to cold.
   It insulates you from electricity.
   It greatly protects you from negative energy.
 S - an uncursed ring of stealth
Wands
 x - a wand of polymorph (12)
 z - a wand of digging (3)
 G - a wand of scattershot (6)
 J - a wand of enslavement (26)
 W - a wand of flame (17)
 Y - a wand of disintegration (16)
Scrolls
 f - 4 scrolls of teleportation
 n - 2 scrolls of fear
 s - 3 scrolls of enchant armour
 u - 4 scrolls of immolation
 H - a scroll of acquirement {unknown}
 I - a scroll of amnesia {unknown}
 M - 3 scrolls of remove curse
 P - a scroll of random uselessness {unknown}
 R - a scroll of blinking {unknown}
 U - a scroll of fog {unknown}
 V - a scroll of enchant weapon {unknown}
Potions
 c - 2 potions of cancellation
 e - 2 potions of resistance
 h - a potion of haste
 o - a potion of curing
 q - a potion of flight
 D - 4 potions of mutation
 F - a potion of might
 O - a potion of agility
Miscellaneous
 X - a box of beasts
Comestibles
 d - 7 rations


   Skills:
 + Level 5.8 Fighting
 - Level 3.8 Polearms
 - Level 3.2 Throwing
 - Level 3.0 Dodging
 - Level 1.4 Stealth
 + Level 7.4 Shields
 + Level 8.4 Spellcasting
 - Level 8.0 Conjurations
 - Level 5.0 Summonings
 - Level 3.0 Translocations
 - Level 5.3 Fire Magic
 - Level 3.0 Air Magic
 - Level 5.3 Earth Magic
 + Level 1.5 Evocations


You had 5 spell levels left.
You knew the following spells:

 Your Spells              Type           Power        Failure   Level  Hunger
a - Magic Dart            Conj           ####         1%          1    None
b - Blink                 Tloc           N/A          1%          2    None
c - Bolt of Magma         Conj/Fire/Erth #####.....   9%          5    #####..
d - Statue Form           Tmut/Erth      ###......    86%         6    ######.
f - Conjure Flame         Conj/Fire      #####...     1%          3    None
i - Call Imp              Summ           ####....     1%          2    None
m - Mephitic Cloud        Conj/Pois/Air  ####....     2%          3    None

Your spell library contained the following spells:

 Spells                   Type           Power        Failure   Level  Hunger
 Slow                     Hex            #.......     6%          2    None
 Leda's Liquefaction      Hex/Erth       ###.......   12%         4    ##.....
 Ice Form                 Ice/Tmut       ##......     32%         4    ##.....
 Metabolic Englaciation   Hex/Ice        ##........   65%         5    #####..
 Iron Shot                Conj/Erth      #####.....   32%         6    ######.
 Bolt of Cold             Conj/Ice       #####.....   69%         6    ######.
 Freezing Cloud           Conj/Ice/Air   #####.....   73%         6    ######.
 Ozocubu's Refrigeration  Ice            ##........   99%         6    ######.
 Simulacrum               Ice/Necr       ##........   99%         6    ######.
 Shatter                  Erth           ####......   100%        9    #######


Dungeon Overview and Level Annotations

Branches:
Dungeon (10/15)            Temple (1/1) D:4            Lair (3/6) D:9
  Swamp: Lair:2-4    Shoals: Lair:2-4     Snake: Lair:2-4    Spider: Lair:2-4
    Orc: D:9-12

Altars:
Ashenzari
Elyvilon
Fedhas
Gozag
Hepliaklqana
Kikubaaqudgha
Makhleb
Nemelex Xobeh
Okawaru
Sif Muna
Vehumet
Wu Jian
Yredelemnul
Zin

Shops:
D:4 *   D:6 !   D:9 :

Annotations:
D:3 1 runed translucent door, lepoulpe303's ghost, amateur SpEn
D:10 Nergalle


Innate Abilities, Weirdness & Mutations

You are too large for most types of armour.
You have tough skin. (AC +1)


Message History

You feel much better.
You feel very mighty all of a sudden.
You feel agile all of a sudden. The ice devil hits you!
The ice devil freezes you! You resist.
* * * LOW HITPOINT WARNING * * *
You hit the ice devil!
The ice devil is heavily wounded.
The ice devil hits you.
* * * LOW HITPOINT WARNING * * *
The ice devil freezes you! You resist.
* * * LOW HITPOINT WARNING * * *
Unknown command.
Wield which item (- for none, * to show all)? (? for menu, Esc to quit)
B - a +0 broad axe (weapon)
You slash the ice devil!
The ice devil is almost dead.
You block the ice devil's attack. The ice devil hits you!
* * * LOW HITPOINT WARNING * * *
The ice devil freezes you!!
You die...
Your body crumbles into a pile of gold.

#..######## ##.....©...
##P#P...P# ####..P## #P..... ##
###..#P.# .######## ######
#####P#......
#.##..#.#####.#..####P#..........
..............54@............≈≈≈.
..............5.............≈≈≈≈≈
.............................≈≈.)
.................................
.................................
#####.####.#..P#.#.#########.#.##
### #######.### ###### ###


You could see an ice devil and 2 friendly crimson imps.

Vanquished Creatures
  3 hydras
  The ghost of Britaniac the Thaumaturge, a journeyman GrEE of Vehumet (Lair:2)
  2 two-headed ogres
  2 spiny frogs
  A rime drake (Lair:1)
  3 komodo dragons
  An ice devil (Lair:3)
  A polar bear (Lair:2)
  3 slime creatures (D:9)
  2 blink frogs (Lair:1)
  Prince Ribbit (Lair:1)
  10 yaks
  An acid dragon (D:9)
  5 porcupines
  A slave (D:7)
  2 necrophages (Lair:2)
  2 sky beasts
  A phantom (D:5)
  3 centaurs
  3 wolves
  4 ogres
  A crocodile (Lair:2)
  A big kobold (D:7)
  6 bullfrogs
  A gnoll sergeant (D:5)
  2 wights (D:5)
  3 howler monkeys (D:7)
  A centaur zombie (D:8)
  3 hounds
  2 jellies
  3 orc priests
  A gnoll shaman (D:7)
  3 orc wizards
  A bullfrog skeleton (D:6)
  Ijyb (D:3)
  3 iguanas
  3 worker ants
  A hound zombie (D:5)
  2 worker ant zombies
  7 gnolls
  10 adders
  A shadow imp (D:5)
  2 oozes
  An adder zombie (D:7)
  5 worms
  4 dart slugs
  3 leopard geckos
  27 orcs
  7 bats
  3 giant cockroaches
  7 goblins
  10 hobgoblins
  5 jackals (D:6)
  5 quokkas
  A frilled lizard (D:3)
  11 kobolds
  6 rats
205 creatures vanquished.

Vanquished Creatures (collateral kills)
  Pikel (D:7)
  A slime creature (D:9)
  6 yaks
  2 water moccasins
  4 porcupines
  2 slaves (D:7)
  2 ice beasts (D:5)
  A sky beast (D:8)
  A wolf (Lair:1)
  A centaur (D:6)
  2 ogres
  A phantom (D:9)
  4 crocodiles
  2 bullfrogs
  A scorpion (D:7)
  A wight (D:5)
  A howler monkey (D:3)
  2 orc priests
  A quasit (D:7)
  An orc wizard (D:6)
  A centaur skeleton (D:6)
  An iguana (D:2)
  6 worker ants
  3 adders
  A shadow imp (D:6)
  A worm (D:3)
  2 orcs (D:6)
  A goblin (D:2)
  A jackal (D:6)
  2 kobolds (D:7)
56 creatures vanquished.

Vanquished Creatures (others)
  A fungus (Lair:1)
  2 plants
3 creatures vanquished.

Grand Total: 264 creatures vanquished

Notes
Turn   | Place    | Note
-------+----------+-------------------------------------------
     0 | D:1      | Cryoshakespeare the Ogre Wizard began the quest for the
                  | Orb.
     0 | D:1      | Reached XP level 1. HP: 16/16 MP: 5/5
   103 | D:1      | Reached skill level 1 in Conjurations
   630 | D:1      | Reached skill level 1 in Fighting
   630 | D:1      | Reached XP level 2. HP: 21/27 MP: 1/6
   634 | D:1      | Learned a level 2 spell: Call Imp
   637 | D:1      | Learned a level 2 spell: Blink
  1157 | D:1      | Reached skill level 1 in Summonings
  1157 | D:1      | Reached skill level 1 in Translocations
  1157 | D:1      | Reached XP level 3. HP: 33/33 MP: 4/8
  1162 | D:1      | Learned a level 3 spell: Mephitic Cloud
  2117 | D:2      | Reached XP level 4. HP: 42/42 MP: 5/10
  2126 | D:2      | Learned a level 3 spell: Conjure Flame
  2240 | D:2      | Found a blossoming altar of Fedhas.
  2249 | D:2      | Found an iron altar of Okawaru.
  2789 | D:3      | Reached XP level 5. HP: 48/49 MP: 11/11
  3307 | D:3      | Found a runed translucent door.
  3311 | D:3      | Noticed lepoulpe303's ghost (amateur SpEn)
  3747 | D:3      | Reached skill level 1 in Air Magic
  3876 | D:3      | Noticed an ogre
  3899 | D:3      | Killed an ogre
  3899 | D:3      | Reached skill level 1 in Fire Magic
  3899 | D:3      | Reached XP level 6. HP: 59/59 MP: 7/12
  4649 | D:4      | Noticed Ijyb
  4660 | D:3      | Killed Ijyb
  5104 | D:4      | Found Qeaneunt's General Store.
  5382 | D:4      | Reached XP level 7. HP: 67/67 MP: 6/14
  5928 | D:4      | Found Cycaipua's Food Boutique.
  5948 | D:4      | Found a staircase to the Ecumenical Temple.
  5953 | Temple   | Entered the Ecumenical Temple
  6036 | Temple   | Became a worshipper of Gozag Ym Sagoz the Greedy
  6210 | D:5      | Entered Level 5 of the Dungeon
  6341 | D:5      | Found a white marble altar of Elyvilon.
  6454 | D:5      | Reached skill level 5 in Spellcasting
  7385 | D:5      | Reached XP level 8. HP: 75/75 MP: 4/15
  9067 | D:6      | Reached skill level 1 in Shields
  9082 | D:6      | Reached skill level 1 in Polearms
  9082 | D:6      | Reached skill level 1 in Throwing
  9317 | D:6      | Reached XP level 9. HP: 67/87 MP: 12/17
  9334 | D:6      | Found Sanit's Distillery.
  9357 | D:6      | Bought a potion of heal wounds for 65 gold pieces
  9633 | D:6      | Reached skill level 5 in Fighting
  9669 | D:6      | Found a burning altar of Makhleb.
  9675 | D:6      | Found an ornate altar of the Wu Jian Council.
  9736 | D:6      | Found a deep blue altar of Sif Muna.
  9818 | D:6      | Found a glowing silver altar of Zin.
 10271 | D:7      | Got a bound pewter ring
 10313 | D:6      | Identified the ring of Bioxiotz {Wiz rElec rC- rN++} (You
                  | found it on level 7 of the Dungeon)
 10892 | D:7      | Found an ancient bone altar of Kikubaaqudgha.
 11392 | D:8      | Noticed a two-headed ogre
 12542 | D:8      | Noticed Pikel
 12717 | D:7      | Killed Pikel
 12953 | D:8      | Killed a two-headed ogre
 12953 | D:8      | Reached skill level 5 in Conjurations
 12953 | D:8      | Reached XP level 10. HP: 75/96 MP: 14/20
 13389 | D:9      | Found Zanen's Book Shop.
 13610 | D:9      | Found a blossoming altar of Fedhas.
 13622 | D:9      | Bought a book of the Earth for 975 gold pieces
 13628 | D:9      | Learned a level 5 spell: Bolt of Magma
 13635 | D:9      | Learned a level 6 spell: Statue Form
 13794 | D:9      | Noticed a two-headed ogre
 13808 | D:9      | Killed a two-headed ogre
 13808 | D:9      | Reached skill level 5 in Summonings
 13808 | D:9      | Reached skill level 1 in Earth Magic
 14735 | D:9      | Found a shattered altar of Ashenzari.
 14999 | D:9      | Found a staircase to the Lair.
 15412 | D:10     | Entered Level 10 of the Dungeon
 15581 | D:10     | Noticed Nergalle
 15690 | Lair:1   | Entered Level 1 of the Lair of Beasts
 16121 | Lair:1   | Noticed a seven-headed hydra
 16134 | Lair:1   | Reached skill level 5 in Shields
 16292 | Lair:1   | Reached XP level 11. HP: 102/102 MP: 18/23
 16462 | Lair:1   | Noticed a four-headed hydra
 16472 | Lair:1   | Killed a four-headed hydra
 16472 | Lair:1   | Reached skill level 5 in Earth Magic
 17197 | Lair:1   | Noticed Prince Ribbit
 17206 | Lair:1   | Killed Prince Ribbit
 17206 | Lair:1   | Reached skill level 5 in Fire Magic
 18095 | Lair:1   | Killed a seven-headed hydra
 18995 | D:4      | Bought a ration for 50 gold pieces
 18995 | D:4      | Bought a ration for 50 gold pieces
 18995 | D:4      | Bought a ration for 50 gold pieces
 18995 | D:4      | Bought a ration for 50 gold pieces
 18996 | D:4      | Bought a ration for 50 gold pieces
 18996 | D:4      | Bought a ration for 50 gold pieces
 18996 | D:4      | Bought a ration for 50 gold pieces
 18996 | D:4      | Bought a ration for 50 gold pieces
 18996 | D:4      | Bought a ration for 50 gold pieces
 18996 | D:4      | Bought a ration for 50 gold pieces
 19632 | Lair:2   | Noticed a six-headed hydra
 19648 | Lair:2   | Killed a six-headed hydra
 21065 | Lair:2   | Found a transporter.
 21065 | Lair:2   | Noticed Britaniac's ghost (journeyman GrEE)
 21104 | Lair:2   | Found a transporter.
 21297 | Lair:2   | Reached XP level 12. HP: 36/111 MP: 6/24
 21337 | Lair:2   | Killed Britaniac's ghost
 21337 | Lair:2   | Reached skill level 1 in Evocations
 21727 | Lair:2   | Demolished by an ice devil

Skill      XL: |  1  2  3  4  5  6  7  8  9 10 11 12 |
---------------+-------------------------------------+-----
Conjurations   | 1 2 3 5 6 8 |  8.0
Fighting       | 1 2 3 4 5 |  5.8
Summonings     | 1 2 3 4 5 |  5.0
Translocations | 1 2 3 |  3.0
Spellcasting   | 4 5 7 8 |  8.4
Air Magic      | 1 2 3 |  3.0
Fire Magic     | 1 2 3 4 5 |  5.3
Dodging        | 2 3 |  3.0
Shields        | 1 3 5 7 |  7.4
Polearms       | 1 3 |  3.8
Throwing       | 1 3 |  3.2
Earth Magic    | 4 5 |  5.3
Evocations     | 1 |  1.5
Stealth        | |  1.4

Action                   |  1- 3 |  4- 6 |  7- 9 | 10-12 || total
-------------------------+-------+-------+-------+-------++-------
Melee: Club              |     3 |       |       |       ||     3
       Short sword       |     9 |    21 |    61 |       ||    91
       Trident           |       |       |   354 |   265 ||   619
       Whip              |       |       |    16 |   140 ||   156
       Staff             |       |       |       |     9 ||     9
       Broad axe         |       |       |       |     1 ||     1
 Fire: Hunting sling     |    10 |   139 |    22 |       ||   171
Throw: Stone             |     6 |       |       |       ||     6
       Large rock        |       |       |       |     1 ||     1
 Cast: Magic Dart        |    70 |    66 |   133 |    99 ||   368
       Call Imp          |     6 |     6 |    92 |    57 ||   161
       Mephitic Cloud    |       |     3 |     4 |    13 ||    20
       Conjure Flame     |       |     9 |    30 |    35 ||    74
       Blink             |       |       |       |     8 ||     8
       Bolt of Magma     |       |       |       |     5 ||     5
Invok: Potion Petition   |       |       |       |     2 ||     2
Evoke: Wand              |       |       |     1 |     3 ||     4
  Use: Scroll            |       |     6 |     9 |     2 ||    17
       Potion            |       |       |       |     6 ||     6
 Stab: Confused          |       |     2 |       |     5 ||     7
       Distracted        |       |       |     2 |     3 ||     5
       Sleeping          |       |       |     2 |     1 ||     3
  Eat: Chunk             |     4 |    10 |     2 |       ||    16
       Ration            |       |       |     7 |     9 ||    16
Armor: Robe              |     8 |     7 |   142 |    86 ||   243
       Skin              |       |       |       |    36 ||    36
Dodge: Dodged            |    20 |    36 |   152 |   146 ||   354
Block: Shield            |       |       |    76 |   247 ||   323
